General information
- name: BNet
- type: Ladder team game (AT/RT)
- host: Battle.net
- saver: TaStYmANcaRpeT
map: Monsoon
- players: 6
- length: 134:06
- speed: Fast
- version: 1.21 W3XP
- replay type: Public
» download(951 KB)
Players
team 1 (loser)
10yuanQQ (
yellow | 132 APM | 17637 actions | 133:55)
12 Tauren Chieftain
3 Endurance Aura
3 Shockwave
3 Reincarnation
3 War Stomp
3 Shadow Hunter
2 Hex
1 Healing Wave
» actions
| Assign group hotkey | 146 | |
| Basic commands | 292 | |
| Build / train | 233 | |
| ESC pressed | 23 | |
| Enter build submenu | 39 | |
| Enter hero's abilities submenu | 21 | |
| Give item / drop item | 18 | |
| Remove unit from queue | 9 | |
| Right click | 9102 | |
| Select / deselect | 1305 | |
| Select group hotkey | 5639 | |
| Use ability | 810 | |
17637 total
» units
| Peon | 10 | |
| Grunt | 11 | |
| Troll Batrider | 22 | |
| Raider | 11 | |
| Demolisher | 18 | |
| Troll Witch Doctor | 12 | |
| Spirit Walker | 8 | |
| Tauren | 8 | |
100 total
» upgrades
| Ranged Weapons | 2 | |
| Armor | 1 | |
| Ensnare | 1 | |
| Burning Oil | 2 | |
| Liquid Fire | 1 | |
| Witch Doctor Training | 2 | |
| Reinforced Defenses | 1 | |
| Spirit Walker Training | 2 | |
| Pulverize | 1 | |
13 total
» buildings
| Altar of Storms | 1 | |
| Orc Burrow | 7 | |
| Barracks | 2 | |
| Voodoo Lounge | 1 | |
| Stronghold | 3 | |
| War Mill | 1 | |
| Beastiary | 3 | |
| Fortress | 12 | |
| Spirit Lodge | 1 | |
| Watch Tower | 12 | |
| Great Hall | 1 | |
| Tauren Totem | 2 | |
46 total
» build order
00:09 Altar of Storms
00:29 Orc Burrow
01:05 Barracks
01:51 Orc Burrow
02:12 Barracks
02:44 Orc Burrow
04:37 Voodoo Lounge
06:48 Stronghold
06:48 Stronghold
06:51 War Mill
07:31 Orc Burrow
07:41 Orc Burrow
09:47 Beastiary
09:50 Beastiary
10:30 Beastiary
10:36 Fortress
10:37 Fortress
10:38 Fortress
10:38 Fortress
11:37 Orc Burrow
14:20 Spirit Lodge
17:36 Watch Tower
18:48 Watch Tower
29:11 Watch Tower
29:18 Watch Tower
29:20 Watch Tower
29:22 Watch Tower
29:24 Watch Tower
29:27 Watch Tower
30:51 Great Hall
38:25 Watch Tower
38:38 Tauren Totem
38:40 Tauren Totem
43:10 Watch Tower
43:13 Watch Tower
43:16 Watch Tower
62:04 Orc Burrow
» items
| Healing Salve | 2 | |
| Lesser Clarity Potion | 5 | |
| Scroll of Speed | 2 | |
| Potion of Mana | 1 | |
| Potion of Healing | 2 | |
| Staff of Teleportation | 2 | |
| Scroll of Town Portal | 7 | |
| Orb of Lightning | 1 | |
| Boots of Speed | 2 | |
| Dust of Appearance | 1 | |
| Scroll of Healing | 1 | |
| Potion of Lesser Invulnerability | 2 | |
| Periapt of Vitality | 1 | |
| Scroll of Protection | 1 | |
| Tome of Retraining | 3 | |
33 total
Sweet-Killer (
pink | 68 APM | 9091 actions | 134:02)
10 Archmage
3 Summon Water Elemental
3 Brilliance Aura
2 Mass Teleport
2 Blizzard
6 Mountain King
3 Storm Bolt
2 Bash
1 Avatar
5 Paladin
3 Holy Light
1 Divine Shield
1 Devotion Aura
» actions
| Assign group hotkey | 114 | |
| Basic commands | 5 | |
| Build / train | 207 | |
| Enter build submenu | 47 | |
| Enter hero's abilities submenu | 20 | |
| Give item / drop item | 12 | |
| Remove unit from queue | 15 | |
| Right click | 4566 | |
| Select / deselect | 2014 | |
| Select group hotkey | 1414 | |
| Use ability | 677 | |
9091 total
» units
| Peasant | 27 | |
| Footman | 7 | |
| Spell Breaker | 11 | |
| Ogre Magi | 1 | |
| Mud Golem | 1 | |
| Dragonhawk Rider | 18 | |
| Priest | 1 | |
| Siege Engine | 25 | |
| Mortar Team | 6 | |
97 total
» upgrades
| Masonry | 3 | |
| Lumber Harvesting | 2 | |
| Swords | 2 | |
| Cloud | 1 | |
| Plating | 3 | |
| Barrage | 1 | |
| Magic Sentry | 1 | |
| Armor | 3 | |
| Gunpowder | 3 | |
| Fragmentation Shards | 1 | |
| Flare | 1 | |
21 total
» buildings
| Altar of Kings | 1 | |
| Farm | 15 | |
| Barracks | 1 | |
| Scout Tower | 10 | |
| Arcane Tower | 4 | |
| Lumber Mill | 1 | |
| Arcane Vault | 2 | |
| Keep | 1 | |
| Town Hall | 3 | |
| Guard Tower | 5 | |
| Arcane Sanctum | 3 | |
| Blacksmith | 1 | |
| Castle | 1 | |
| Gryphon Aviary | 2 | |
| Workshop | 2 | |
52 total
» build order
00:08 Altar of Kings
00:11 Farm
00:20 Barracks
00:48 Farm
01:25 Scout Tower
01:52 Arcane Tower
02:25 Farm
02:37 Lumber Mill
03:16 Arcane Vault
03:18 Farm
04:20 Keep
04:35 Farm
05:22 Town Hall
05:32 Scout Tower
05:44 Scout Tower
06:00 Arcane Tower
06:03 Arcane Vault
06:29 Guard Tower
08:40 Arcane Sanctum
08:53 Arcane Sanctum
10:46 Scout Tower
10:49 Scout Tower
10:53 Arcane Sanctum
11:14 Farm
11:59 Blacksmith
12:49 Castle
12:52 Gryphon Aviary
13:14 Gryphon Aviary
13:17 Farm
13:37 Farm
13:37 Farm
13:41 Guard Tower
13:43 Farm
15:01 Farm
15:01 Farm
15:04 Farm
15:47 Farm
19:04 Workshop
19:11 Workshop
23:16 Farm
24:37 Town Hall
26:13 Scout Tower
26:51 Arcane Tower
28:45 Scout Tower
29:23 Arcane Tower
29:26 Scout Tower
33:32 Scout Tower
34:06 Guard Tower
34:08 Scout Tower
34:33 Guard Tower
34:38 Guard Tower
36:30 Town Hall
» items
| Dust of Appearance | 1 | |
| Potion of Lesser Invulnerability | 4 | |
| Scroll of Healing | 4 | |
| Scroll of Regeneration | 2 | |
| Lesser Clarity Potion | 5 | |
| Scroll of Town Portal | 4 | |
| Potion of Healing | 4 | |
| Boots of Speed | 1 | |
| Potion of Mana | 1 | |
| Tome of Retraining | 1 | |
27 total

»
Vicktor.Marks (
orange | 86 APM | 11502 actions | 133:58)
7 Death Knight
3 Death Coil
2 Unholy Aura
1 Death Pact
1 Animate Dead
7 Lich
3 Frost Nova
2 Frost Armor
1 Death and Decay
1 Dark Ritual
» actions
| Assign group hotkey | 1280 | |
| Basic commands | 1101 | |
| Build / train | 186 | |
| ESC pressed | 6 | |
| Enter build submenu | 55 | |
| Enter hero's abilities submenu | 14 | |
| Give item / drop item | 23 | |
| Remove unit from queue | 1 | |
| Right click | 3861 | |
| Select / deselect | 2366 | |
| Select group hotkey | 2145 | |
| Use ability | 464 | |
11502 total
» units
| Acolyte | 67 | |
| Ghoul | 5 | |
| Crypt Fiend | 7 | |
| Obsidian Statue | 1 | |
| Frost Wyrm | 7 | |
| Banshee | 3 | |
90 total
» upgrades
| Burrow | 0 | |
| Web | 1 | |
| Ghoul Frenzy | 1 | |
| Creature Attack | 3 | |
| Creature Carapace | 3 | |
| Freezing Breath | 1 | |
| Destroyer Form | 1 | |
| Banshee Training | 1 | |
11 total
» buildings
| Crypt | 1 | |
| Graveyard | 3 | |
| Ziggurat | 22 | |
| Altar of Darkness | 1 | |
| Nerubian Tower | 6 | |
| Tomb of Relics | 2 | |
| Halls of the Dead | 1 | |
| Spirit Tower | 6 | |
| Black Citadel | 1 | |
| Sacrificial Pit | 1 | |
| Slaughterhouse | 1 | |
| Boneyard | 3 | |
| Necropolis | 5 | |
| Temple of the Damned | 2 | |
55 total
» build order
00:48 Crypt
00:55 Graveyard
01:03 Ziggurat
01:06 Ziggurat
01:32 Altar of Darkness
01:56 Nerubian Tower
02:05 Tomb of Relics
03:19 Ziggurat
05:59 Halls of the Dead
06:51 Spirit Tower
07:17 Ziggurat
07:20 Ziggurat
07:21 Ziggurat
08:27 Black Citadel
08:36 Sacrificial Pit
08:40 Nerubian Tower
09:20 Slaughterhouse
10:55 Boneyard
11:10 Boneyard
12:47 Ziggurat
12:48 Ziggurat
16:43 Necropolis
17:20 Graveyard
17:24 Spirit Tower
17:31 Ziggurat
17:34 Boneyard
19:33 Ziggurat
19:35 Ziggurat
19:38 Ziggurat
20:17 Nerubian Tower
20:34 Spirit Tower
24:19 Ziggurat
25:12 Ziggurat
25:16 Ziggurat
25:20 Tomb of Relics
26:36 Spirit Tower
28:52 Ziggurat
28:55 Ziggurat
29:48 Spirit Tower
30:47 Necropolis
33:32 Necropolis
35:24 Ziggurat
35:27 Ziggurat
35:29 Ziggurat
36:35 Spirit Tower
40:29 Nerubian Tower
41:11 Necropolis
42:52 Necropolis
42:54 Ziggurat
42:57 Ziggurat
43:53 Nerubian Tower
43:55 Nerubian Tower
78:21 Graveyard
79:47 Temple of the Damned
79:52 Temple of the Damned
» items
| Rod of Necromancy | 3 | |
| Dust of Appearance | 4 | |
| Sacrificial Skull | 1 | |
| Staff of Teleportation | 1 | |
| Healing Salve | 1 | |
| Lesser Clarity Potion | 1 | |
| Scroll of Town Portal | 16 | |
| Potion of Healing | 5 | |
| Potion of Lesser Invulnerability | 9 | |
| Orb of Lightning | 1 | |
| Boots of Speed | 1 | |
| Scroll of Healing | 2 | |
| Scroll of Protection | 4 | |
| Orb of Corruption | 1 | |
| Potion of Mana | 4 | |
54 total
team 2 (winner)
BallsInMyMouth (
teal | 64 APM | 8518 actions | 134:03)
5 Archmage
3 Blizzard
2 Brilliance Aura
5 Blood Mage
3 Flame Strike
2 Siphon Mana
4 Dark Ranger
2 Silence
2 Life Drain
» actions
| Assign group hotkey | 43 | |
| Basic commands | 30 | |
| Build / train | 145 | |
| ESC pressed | 7 | |
| Enter build submenu | 78 | |
| Enter hero's abilities submenu | 16 | |
| Give item / drop item | 4 | |
| Remove unit from queue | 5 | |
| Right click | 4536 | |
| Select / deselect | 1339 | |
| Select group hotkey | 1633 | |
| Use ability | 680 | |
8518 total
» units
| Peasant | 22 | |
| Priest | 5 | |
| Sorceress | 4 | |
| Dragonhawk Rider | 12 | |
43 total
» upgrades
| Masonry | 3 | |
| Sorceress Training | 2 | |
| Magic Sentry | 1 | |
| Backpack | 1 | |
| Animal War Training | 1 | |
| Lumber Harvesting | 2 | |
| Priest Training | 2 | |
| Armor | 1 | |
| Swords | 1 | |
14 total
» buildings
| Altar of Kings | 5 | |
| Farm | 11 | |
| Scout Tower | 84 | |
| Lumber Mill | 2 | |
| Arcane Tower | 14 | |
| Guard Tower | 28 | |
| Keep | 1 | |
| Arcane Vault | 2 | |
| Arcane Sanctum | 1 | |
| Castle | 1 | |
| Town Hall | 1 | |
| Gryphon Aviary | 1 | |
| Blacksmith | 1 | |
| Barracks | 1 | |
153 total
» build order
00:09 Altar of Kings
00:41 Farm
00:52 Scout Tower
01:02 Lumber Mill
01:22 Arcane Tower
01:39 Scout Tower
01:59 Farm
02:10 Scout Tower
02:12 Scout Tower
02:22 Guard Tower
02:39 Scout Tower
02:42 Guard Tower
02:48 Scout Tower
03:16 Scout Tower
03:22 Guard Tower
03:38 Arcane Tower
04:31 Keep
04:40 Arcane Vault
04:46 Guard Tower
04:49 Scout Tower
04:50 Scout Tower
04:58 Farm
05:17 Scout Tower
05:18 Arcane Tower
05:19 Scout Tower
05:25 Scout Tower
05:52 Guard Tower
05:55 Guard Tower
05:56 Scout Tower
05:57 Scout Tower
06:58 Arcane Sanctum
07:01 Farm
07:05 Lumber Mill
07:25 Guard Tower
10:28 Castle
12:13 Town Hall
12:34 Scout Tower
12:36 Scout Tower
12:38 Scout Tower
13:24 Farm
14:43 Guard Tower
15:27 Scout Tower
15:27 Scout Tower
15:28 Scout Tower
15:34 Scout Tower
15:36 Scout Tower
15:46 Gryphon Aviary
15:57 Guard Tower
16:42 Blacksmith
16:44 Barracks
16:46 Guard Tower
16:49 Scout Tower
16:50 Scout Tower
16:50 Scout Tower
16:50 Scout Tower
16:55 Scout Tower
16:56 Scout Tower
16:58 Scout Tower
16:58 Scout Tower
19:21 Guard Tower
19:27 Arcane Tower
21:05 Scout Tower
21:13 Arcane Tower
21:14 Guard Tower
23:38 Scout Tower
23:39 Scout Tower
23:39 Scout Tower
23:50 Scout Tower
23:50 Scout Tower
23:53 Scout Tower
23:53 Scout Tower
24:40 Guard Tower
24:43 Scout Tower
24:44 Scout Tower
24:45 Scout Tower
24:46 Scout Tower
25:21 Guard Tower
25:55 Arcane Tower
26:00 Guard Tower
28:31 Arcane Tower
28:32 Guard Tower
29:13 Scout Tower
29:55 Scout Tower
29:57 Scout Tower
29:59 Scout Tower
30:01 Arcane Tower
31:26 Arcane Tower
31:28 Guard Tower
32:12 Scout Tower
32:13 Scout Tower
32:53 Arcane Tower
32:55 Guard Tower
32:57 Scout Tower
33:32 Guard Tower
33:38 Scout Tower
33:39 Scout Tower
33:40 Scout Tower
33:43 Scout Tower
33:44 Scout Tower
34:10 Guard Tower
34:15 Guard Tower
34:42 Guard Tower
37:07 Scout Tower
37:08 Scout Tower
37:09 Scout Tower
37:10 Scout Tower
37:10 Scout Tower
37:11 Scout Tower
37:44 Guard Tower
38:24 Guard Tower
41:10 Scout Tower
41:10 Scout Tower
41:11 Scout Tower
41:13 Scout Tower
41:14 Scout Tower
41:48 Scout Tower
41:52 Arcane Tower
41:53 Guard Tower
42:04 Scout Tower
42:05 Scout Tower
42:06 Scout Tower
42:06 Scout Tower
42:07 Scout Tower
42:07 Scout Tower
42:42 Guard Tower
43:02 Arcane Tower
43:05 Arcane Tower
43:40 Arcane Vault
58:11 Scout Tower
58:12 Scout Tower
58:12 Scout Tower
58:13 Scout Tower
58:14 Scout Tower
58:16 Scout Tower
58:58 Arcane Tower
59:00 Guard Tower
59:10 Scout Tower
59:10 Scout Tower
59:11 Scout Tower
59:12 Scout Tower
59:12 Scout Tower
59:14 Scout Tower
60:12 Guard Tower
61:49 Farm
62:45 Altar of Kings
62:48 Altar of Kings
63:07 Farm
63:09 Farm
63:46 Farm
63:49 Farm
64:13 Farm
65:35 Altar of Kings
67:41 Altar of Kings
» items
| Staff of Teleportation | 3 | |
| Boots of Speed | 3 | |
| Lesser Clarity Potion | 3 | |
| Scroll of Regeneration | 2 | |
| Potion of Healing | 1 | |
| Staff of Sanctuary | 3 | |
| Scroll of Town Portal | 6 | |
| Orb of Lightning | 1 | |
22 total
MmmMDixSandwich (
blue | 50 APM | 6753 actions | 134:03)
7 Blademaster
3 Wind Walk
3 Critical Strike
1 Bladestorm
» actions
| Assign group hotkey | 13 | |
| Basic commands | 36 | |
| Build / train | 77 | |
| Enter build submenu | 55 | |
| Enter hero's abilities submenu | 7 | |
| Give item / drop item | 2 | |
| Right click | 5050 | |
| Select / deselect | 551 | |
| Select group hotkey | 470 | |
| Use ability | 492 | |
6753 total
» units
» upgrades
| Ranged Weapons | 3 | |
| Liquid Fire | 1 | |
| Reinforced Defenses | 1 | |
| Armor | 1 | |
6 total
» buildings
| Altar of Storms | 3 | |
| Orc Burrow | 13 | |
| War Mill | 1 | |
| Watch Tower | 29 | |
| Stronghold | 1 | |
| Voodoo Lounge | 3 | |
| Beastiary | 2 | |
| Fortress | 1 | |
| Great Hall | 1 | |
| Barracks | 1 | |
55 total
» build order
00:19 Altar of Storms
00:24 Orc Burrow
00:39 War Mill
01:42 Orc Burrow
02:00 Watch Tower
02:13 Watch Tower
02:39 Watch Tower
03:01 Watch Tower
03:26 Watch Tower
03:47 Watch Tower
04:22 Stronghold
04:25 Watch Tower
04:39 Orc Burrow
04:43 Voodoo Lounge
05:01 Watch Tower
05:19 Watch Tower
06:09 Watch Tower
06:13 Watch Tower
07:13 Beastiary
07:16 Beastiary
07:32 Watch Tower
09:24 Orc Burrow
09:28 Orc Burrow
09:30 Orc Burrow
09:33 Fortress
10:28 Watch Tower
11:35 Great Hall
11:38 Watch Tower
14:31 Watch Tower
16:11 Watch Tower
16:13 Watch Tower
16:14 Watch Tower
16:43 Watch Tower
16:55 Watch Tower
18:08 Watch Tower
18:12 Watch Tower
19:19 Watch Tower
19:20 Watch Tower
19:22 Watch Tower
19:23 Watch Tower
19:29 Watch Tower
20:49 Watch Tower
21:06 Voodoo Lounge
21:52 Watch Tower
23:42 Barracks
25:44 Voodoo Lounge
26:27 Orc Burrow
28:50 Altar of Storms
28:54 Orc Burrow
28:57 Orc Burrow
29:25 Orc Burrow
50:00 Orc Burrow
59:59 Altar of Storms
61:45 Orc Burrow
70:00 Orc Burrow
» items
| Healing Salve | 2 | |
| Lesser Clarity Potion | 4 | |
| Boots of Speed | 1 | |
| Staff of Teleportation | 1 | |
| Orb of Lightning | 1 | |
| Tiny Great Hall | 1 | |
| Scroll of Town Portal | 4 | |
| Periapt of Vitality | 1 | |
15 total
TaStYmANcaRpeT (
red | 103 APM | 13806 actions | 134:06)
6 Archmage
3 Blizzard
2 Brilliance Aura
1 Mass Teleport
8 Mountain King
3 Storm Bolt
3 Bash
1 Avatar
1 Thunder Clap
5 Paladin
3 Holy Light
2 Divine Shield
» actions
| Assign group hotkey | 17 | |
| Basic commands | 133 | |
| Build / train | 191 | |
| ESC pressed | 8 | |
| Enter build submenu | 75 | |
| Enter hero's abilities submenu | 21 | |
| Give item / drop item | 29 | |
| Remove unit from queue | 1 | |
| Right click | 5589 | |
| Select / deselect | 735 | |
| Select group hotkey | 5908 | |
| Use ability | 1098 | |
13806 total
» units
| Peasant | 27 | |
| Sorceress | 6 | |
| Priest | 6 | |
| Dragonhawk Rider | 8 | |
47 total
» upgrades
| Masonry | 3 | |
| Magic Sentry | 1 | |
| Sorceress Training | 3 | |
| Priest Training | 3 | |
| Lumber Harvesting | 2 | |
| Animal War Training | 1 | |
| Armor | 3 | |
| Cloud | 1 | |
17 total
» buildings
| Altar of Kings | 1 | |
| Farm | 14 | |
| Lumber Mill | 1 | |
| Scout Tower | 102 | |
| Arcane Tower | 10 | |
| Guard Tower | 42 | |
| Keep | 4 | |
| Town Hall | 1 | |
| Arcane Sanctum | 1 | |
| Castle | 2 | |
| Arcane Vault | 1 | |
| Blacksmith | 1 | |
| Barracks | 1 | |
| Gryphon Aviary | 2 | |
183 total
» build order
00:21 Altar of Kings
00:27 Farm
00:40 Lumber Mill
01:09 Scout Tower
01:10 Scout Tower
01:16 Farm
01:45 Arcane Tower
01:45 Arcane Tower
01:58 Scout Tower
02:08 Scout Tower
02:30 Farm
02:39 Guard Tower
02:39 Guard Tower
02:41 Scout Tower
02:49 Scout Tower
02:50 Guard Tower
02:51 Guard Tower
03:16 Scout Tower
03:21 Guard Tower
04:35 Scout Tower
04:37 Scout Tower
04:38 Guard Tower
04:38 Guard Tower
04:41 Keep
04:41 Keep
04:41 Keep
05:48 Scout Tower
05:49 Scout Tower
05:50 Guard Tower
06:04 Town Hall
06:16 Farm
06:25 Scout Tower
07:17 Arcane Tower
07:17 Arcane Tower
07:19 Arcane Sanctum
07:27 Guard Tower
07:29 Scout Tower
07:30 Scout Tower
08:26 Guard Tower
09:47 Castle
09:47 Castle
10:43 Farm
11:30 Scout Tower
11:31 Scout Tower
11:31 Scout Tower
11:32 Scout Tower
12:54 Arcane Vault
12:57 Guard Tower
12:58 Guard Tower
13:01 Scout Tower
13:02 Scout Tower
13:02 Scout Tower
13:03 Scout Tower
13:04 Scout Tower
13:06 Scout Tower
13:07 Scout Tower
13:07 Scout Tower
14:51 Guard Tower
14:52 Guard Tower
16:25 Scout Tower
16:26 Scout Tower
16:27 Scout Tower
16:29 Scout Tower
16:30 Scout Tower
16:34 Scout Tower
17:00 Guard Tower
17:24 Guard Tower
17:24 Guard Tower
21:15 Scout Tower
21:16 Scout Tower
21:16 Scout Tower
21:17 Scout Tower
21:18 Scout Tower
21:19 Scout Tower
21:19 Scout Tower
21:22 Scout Tower
21:27 Scout Tower
21:28 Scout Tower
21:28 Scout Tower
23:44 Guard Tower
23:44 Guard Tower
24:55 Scout Tower
24:57 Scout Tower
24:58 Scout Tower
24:59 Scout Tower
25:00 Scout Tower
25:00 Scout Tower
25:01 Scout Tower
25:02 Scout Tower
25:02 Scout Tower
25:03 Scout Tower
25:32 Guard Tower
25:32 Guard Tower
25:33 Guard Tower
25:33 Guard Tower
25:57 Guard Tower
25:58 Guard Tower
26:36 Scout Tower
26:37 Scout Tower
26:38 Scout Tower
26:39 Scout Tower
26:39 Scout Tower
26:40 Scout Tower
28:41 Guard Tower
30:00 Scout Tower
30:01 Scout Tower
30:02 Scout Tower
30:03 Scout Tower
30:04 Scout Tower
30:05 Scout Tower
30:06 Scout Tower
30:06 Scout Tower
31:32 Arcane Tower
32:15 Scout Tower
32:15 Scout Tower
32:15 Scout Tower
32:16 Scout Tower
32:16 Scout Tower
32:17 Scout Tower
32:17 Scout Tower
32:19 Scout Tower
32:19 Scout Tower
32:21 Scout Tower
32:21 Scout Tower
32:22 Scout Tower
33:43 Arcane Tower
33:44 Arcane Tower
33:55 Arcane Tower
33:57 Guard Tower
33:57 Guard Tower
65:46 Blacksmith
65:47 Barracks
65:49 Farm
65:50 Farm
65:50 Farm
65:51 Farm
66:32 Farm
66:33 Farm
66:34 Farm
66:36 Farm
66:39 Scout Tower
66:39 Scout Tower
66:40 Scout Tower
66:41 Scout Tower
66:41 Scout Tower
66:42 Scout Tower
66:43 Scout Tower
66:44 Scout Tower
66:44 Scout Tower
66:45 Scout Tower
66:45 Scout Tower
66:48 Scout Tower
66:49 Scout Tower
66:49 Scout Tower
66:51 Scout Tower
66:51 Scout Tower
66:53 Scout Tower
66:54 Scout Tower
66:57 Scout Tower
66:58 Scout Tower
66:58 Scout Tower
66:59 Scout Tower
67:04 Scout Tower
68:20 Gryphon Aviary
68:25 Gryphon Aviary
68:58 Guard Tower
69:15 Farm
69:25 Guard Tower
69:25 Guard Tower
74:01 Guard Tower
» items
| Boots of Speed | 4 | |
| Staff of Teleportation | 3 | |
| Healing Salve | 2 | |
| Lesser Clarity Potion | 8 | |
| Orb of Lightning | 1 | |
| Circlet of Nobility | 2 | |
| Staff of Sanctuary | 3 | |
| Scroll of Town Portal | 7 | |
| Potion of Mana | 1 | |
| Orb of Fire | 1 | |
| Periapt of Vitality | 3 | |
35 total
Chat log
(00:03 / All) BallsInMyMouth: sec plz
(00:03 / Allies) MmmMDixSandwich: im here
(00:06 / Allies) BallsInMyMouth: oh
(00:11 / Allies) MmmMDixSandwich: what about kunt
(00:16 / Allies) TaStYmANcaRpeT: kk
(00:18 / Allies) BallsInMyMouth: phwef!
(00:30 / Allies) BallsInMyMouth: hu ud and rndm
(00:45 / All) MmmMDixSandwich: ^_-
(01:19 / Allies) BallsInMyMouth: slightly late hero
(01:32 / Allies) MmmMDixSandwich: prob bc nub
(01:35 / Allies) BallsInMyMouth: no
(01:40 / Allies) TaStYmANcaRpeT: mine was faster
(01:42 / Allies) TaStYmANcaRpeT: lmao
(01:48 / Allies) BallsInMyMouth: i was pausing for you
(01:50 / Allies) TaStYmANcaRpeT: so
(02:12 / Allies) TaStYmANcaRpeT: what a noobscuse...
(02:16 / Allies) BallsInMyMouth: no
(02:17 / Allies) BallsInMyMouth: no.....
(03:02 / Allies) BallsInMyMouth: hu ud orc
(03:06 / Allies) BallsInMyMouth: tc with endurance
(03:15 / Allies) MmmMDixSandwich: this will not be an easy game
(03:28 / Allies) TaStYmANcaRpeT: kill the tc imo
(03:33 / Allies) TaStYmANcaRpeT: or burrowsz
(05:33 / Allies) BallsInMyMouth: tt fast expo
(05:34 / Allies) MmmMDixSandwich: gg
(05:37 / Allies) TaStYmANcaRpeT: who
(05:50 / Allies) BallsInMyMouth: building with 5 when i was there
(05:58 / Allies) TaStYmANcaRpeT: lets hit it
(06:00 / Allies) MmmMDixSandwich: yeh
(06:12 / Allies) BallsInMyMouth: im going to tp onto your bm
(07:05 / Allies) TaStYmANcaRpeT: wut heroes u getting forosty
(07:09 / Allies) MmmMDixSandwich: gg
(07:11 / Allies) TaStYmANcaRpeT: 1 of us should mk pally i dun care who
(07:12 / Allies) BallsInMyMouth: bm summoning
(07:19 / Allies) BallsInMyMouth: ill get a dr 3rd
(07:21 / Allies) TaStYmANcaRpeT: yea
(07:36 / Allies) BallsInMyMouth: im not goiong to sit at tier 2 for too long either
(07:47 / Allies) BallsInMyMouth: welp
(07:50 / Allies) BallsInMyMouth: dont do that!!!!!
(08:00 / Allies) TaStYmANcaRpeT: LOL
(08:11 / Allies) BallsInMyMouth: militia assistance?
(08:14 / Allies) MmmMDixSandwich: yeah
(08:21 / Allies) MmmMDixSandwich: wow god damn it
(08:27 / Allies) MmmMDixSandwich: help please
(09:33 / Allies) BallsInMyMouth: fuck off i hit potion
(11:40 / Allies) TaStYmANcaRpeT: imo keep tabs on those
(12:30 / Allies) BallsInMyMouth: GREAT
(12:31 / Allies) TaStYmANcaRpeT: me n bia
(12:34 / Allies) TaStYmANcaRpeT: ?
(12:41 / Allies) MmmMDixSandwich: lumber
(13:07 / Allies) BallsInMyMouth: truesight already
(13:21 / Allies) TaStYmANcaRpeT: hes got lust so they doing a red
(13:37 / Allies) TaStYmANcaRpeT: big guy first
(13:51 / Allies) TaStYmANcaRpeT: lmao
(14:02 / Allies) TaStYmANcaRpeT: u take
(14:07 / Allies) TaStYmANcaRpeT: or want me to
(14:08 / Allies) TaStYmANcaRpeT: ill be 3
(14:15 / Allies) MmmMDixSandwich: ui
(14:15 / Allies) BallsInMyMouth: its power
(14:16 / Allies) MmmMDixSandwich: u
(14:32 / Allies) BallsInMyMouth: juust ion time!!!
(15:13 / Allies) MmmMDixSandwich: try to take the top one imo
(15:18 / Allies) TaStYmANcaRpeT: kk
(15:32 / Allies) MmmMDixSandwich: scan
(15:36 / All) Sweet-Killer: wait my bird
(15:39 / Allies) BallsInMyMouth: its crept
(15:40 / Allies) BallsInMyMouth: uh oh
(15:40 / Allies) TaStYmANcaRpeT: hes got hawk i assume
(15:42 / Allies) BallsInMyMouth: hawks
(15:44 / Allies) MmmMDixSandwich: yeh
(15:49 / Allies) TaStYmANcaRpeT: bats?
(15:52 / Allies) TaStYmANcaRpeT: put them @ frostys base imo
(16:01 / Allies) BallsInMyMouth: tttttt not yet!!!
(16:11 / Allies) TaStYmANcaRpeT: godd
(16:15 / Allies) TaStYmANcaRpeT: i just ran thru that and nothing saw me
(16:45 / Allies) MmmMDixSandwich: lumber plesae
(17:11 / Allies) MmmMDixSandwich: give more imo
(17:21 / Allies) TaStYmANcaRpeT: ok well i cant try to grab top now
(17:23 / Allies) MmmMDixSandwich: gg
(17:29 / Allies) TaStYmANcaRpeT: o u got bot
(17:33 / Allies) MmmMDixSandwich: they are gonna rape this
(17:39 / All) TaStYmANcaRpeT: or me
(19:11 / Allies) MmmMDixSandwich: lumber me
(19:26 / Allies) TaStYmANcaRpeT: frosty get a t down there imo
(19:31 / Allies) TaStYmANcaRpeT: tiny tower or w/e
(20:06 / Allies) BallsInMyMouth: welpppppppp
(20:22 / Allies) TaStYmANcaRpeT: fuk
(21:06 / Allies) TaStYmANcaRpeT: w/e
(23:14 / Allies) MmmMDixSandwich: gg lil expo
(23:52 / Allies) TaStYmANcaRpeT: tt
(24:03 / Allies) TaStYmANcaRpeT: wow fuck u mk
(24:05 / Allies) MmmMDixSandwich: christ
(24:10 / Allies) MmmMDixSandwich: gg
(24:11 / Allies) TaStYmANcaRpeT: GODD
(24:26 / Allies) MmmMDixSandwich: this sucks
(24:28 / Allies) BallsInMyMouth: towering against good players is big tt
(24:37 / Allies) MmmMDixSandwich: sending all my bats up north
(24:45 / Allies) TaStYmANcaRpeT: telling group 3 to go where i told 1 2 and 4 to go and then it not doing it is tt
(25:04 / Allies) TaStYmANcaRpeT: get me orb
(25:07 / Allies) TaStYmANcaRpeT: if its not too late
(25:31 / Allies) BallsInMyMouth: big guhsssss
(25:47 / Allies) TaStYmANcaRpeT: his am is already 5
(25:48 / Allies) TaStYmANcaRpeT: 6
(25:49 / Allies) TaStYmANcaRpeT: lmao
(25:52 / Allies) BallsInMyMouth: ttttttttttttttt
(26:08 / Allies) MmmMDixSandwich: you need to scan that shit
(27:07 / Allies) MmmMDixSandwich: scan when i get there
(28:41 / Allies) BallsInMyMouth: yeah dawgs thats what happens when you tangle with a real base
(29:03 / Allies) TaStYmANcaRpeT: im stuck
(29:07 / Allies) MmmMDixSandwich: gg
(29:38 / Allies) MmmMDixSandwich: scab
(30:00 / Allies) MmmMDixSandwich: b
(30:04 / Allies) MmmMDixSandwich: aco
(30:19 / Allies) TaStYmANcaRpeT: well if they wanna mine everything at high upkeep thats oke
(31:47 / Allies) MmmMDixSandwich: bms almost out
(32:00 / Allies) BallsInMyMouth: jesus thats a nice lil fort kunt
(32:08 / Allies) TaStYmANcaRpeT: ya its our final base i assume
(32:18 / Allies) BallsInMyMouth: mine is holding well considering
(32:24 / Allies) BallsInMyMouth: lol he cancelled both
(32:26 / Allies) MmmMDixSandwich: no more bats tho
(33:23 / Allies) BallsInMyMouth: woot
(33:49 / Allies) MmmMDixSandwich: ded
(33:52 / Allies) BallsInMyMouth: tt
(33:59 / Allies) TaStYmANcaRpeT: lol
(34:06 / Allies) MmmMDixSandwich: i hate never having any fucking mana
(35:04 / Allies) TaStYmANcaRpeT: ward
(35:11 / Allies) BallsInMyMouth: mass tp shit
(35:32 / Allies) MmmMDixSandwich: ah
(36:31 / Allies) TaStYmANcaRpeT: how did he get in
(36:34 / Allies) TaStYmANcaRpeT: walk in divine sheild'
(36:35 / Allies) TaStYmANcaRpeT: ?
(36:37 / Allies) BallsInMyMouth: yeah
(36:47 / Allies) TaStYmANcaRpeT: block entrances to towers with workers i gues
(36:53 / Allies) TaStYmANcaRpeT: share control so we can get in a nd out
(37:39 / Allies) BallsInMyMouth: dk down
(37:44 / Allies) TaStYmANcaRpeT: haha where
(37:49 / Allies) BallsInMyMouth: and a few wyrms
(39:39 / Allies) BallsInMyMouth: tc wont have res
(39:52 / Allies) BallsInMyMouth: niceeeeeeee
(39:52 / Allies) TaStYmANcaRpeT: did am die
(39:54 / Allies) MmmMDixSandwich: ye
(39:55 / Allies) BallsInMyMouth: yes
(39:57 / Allies) BallsInMyMouth: and mk and pally
(40:00 / Allies) TaStYmANcaRpeT: i bolted then had to look @ pally
(40:02 / Allies) MmmMDixSandwich: they lost a lot
(40:03 / Allies) TaStYmANcaRpeT: i raped top expo at that time
(40:04 / Allies) TaStYmANcaRpeT: lol
(40:20 / Allies) TaStYmANcaRpeT: also getting nice lumber
(41:58 / Allies) MmmMDixSandwich: heh
(42:26 / Allies) TaStYmANcaRpeT: for losing a base early this is going v. well
(42:28 / Allies) BallsInMyMouth: tt poor bm
(42:31 / Allies) TaStYmANcaRpeT: i almost got 6 mk
(42:32 / Allies) BallsInMyMouth: wootles bm
(42:38 / Allies) MmmMDixSandwich: weh
(42:39 / Allies) BallsInMyMouth: yellow has a sh
(42:40 / Allies) MmmMDixSandwich: wow
(42:43 / Allies) TaStYmANcaRpeT: since when
(42:49 / Allies) MmmMDixSandwich: he gonna die
(42:50 / Allies) TaStYmANcaRpeT: rape it first every battle imo
(43:21 / Allies) TaStYmANcaRpeT: ward
(43:40 / Allies) MmmMDixSandwich: scan
(43:42 / Allies) TaStYmANcaRpeT: all come imo
(44:15 / Allies) TaStYmANcaRpeT: b
(44:18 / Allies) MmmMDixSandwich: b
(45:00 / Allies) MmmMDixSandwich: such a crock of shit
(45:23 / Allies) BallsInMyMouth: move you faggots
(45:34 / Allies) TaStYmANcaRpeT: scan
(45:48 / Allies) MmmMDixSandwich: ill bet the ud is in no upkeep now
(45:58 / Allies) BallsInMyMouth: 4 wyrms 2 heroes i doubt it
(46:13 / Allies) MmmMDixSandwich: with the statue is 40
(46:15 / Allies) MmmMDixSandwich: + miners
(46:23 / Allies) TaStYmANcaRpeT: + shades
(46:29 / Allies) BallsInMyMouth: and some ghouls
(46:30 / Allies) MmmMDixSandwich: rite rite
(46:33 / Allies) BallsInMyMouth: + misc. shit
(46:35 / Allies) TaStYmANcaRpeT: 6 wyrms
(46:37 / Allies) BallsInMyMouth: its prob. only low
(46:40 / Allies) TaStYmANcaRpeT: ya
(46:56 / All) MmmMDixSandwich: well I give up gg
(47:09 / All) Sweet-Killer: very boring guys
(47:11 / All) MmmMDixSandwich: just kidding LOL
(47:17 / All) 10yuanQQ: ...
(47:18 / All) TaStYmANcaRpeT: LoL
(47:19 / Allies) BallsInMyMouth: nearly empty
(47:31 / Allies) TaStYmANcaRpeT: shades out there
(48:04 / Allies) BallsInMyMouth: nice mk
(48:05 / Allies) MmmMDixSandwich: god that shit scares me
(48:05 / Allies) TaStYmANcaRpeT: i got it
(48:06 / Allies) TaStYmANcaRpeT: haha
(49:43 / Allies) BallsInMyMouth: good defence for sure
(49:50 / Allies) MmmMDixSandwich: god fucking damn it
(50:01 / Allies) TaStYmANcaRpeT: wat a pile
(50:03 / Allies) MmmMDixSandwich: most irritating shit ever
(50:23 / Allies) BallsInMyMouth: i cant see how your mk didnt get 6 in that fight
(50:32 / Allies) BallsInMyMouth: we killed 2 heroes and a few tanks
(50:33 / Allies) MmmMDixSandwich: because we have a lot of heros
(50:48 / Allies) TaStYmANcaRpeT: am inched to 5 tho
(51:06 / Allies) TaStYmANcaRpeT: infinitetauren
(51:14 / Allies) TaStYmANcaRpeT: worst idea ever
(51:16 / Allies) BallsInMyMouth: yeah will be bad with stats brill
(51:19 / Allies) MmmMDixSandwich: had to start up harry potter
(51:29 / Allies) TaStYmANcaRpeT: ill bolt the smart cows asap
(52:10 / Allies) MmmMDixSandwich: haha
(52:20 / Allies) BallsInMyMouth: ttt
(52:22 / Allies) TaStYmANcaRpeT: ashkl;fhlasdhfhkla
(52:27 / Allies) MmmMDixSandwich: tp
(52:29 / Allies) TaStYmANcaRpeT: i hate how its impossible to clikc
(52:36 / Allies) TaStYmANcaRpeT: on shades
(52:39 / Allies) TaStYmANcaRpeT: i wanted to nuke that shade first
(52:43 / Allies) MmmMDixSandwich: heh forgot to make
(52:50 / Allies) BallsInMyMouth: ughhhhhhhh
(53:25 / Allies) BallsInMyMouth: oh well orange blew a tp
(53:27 / All) MmmMDixSandwich: ^_------------------
(53:43 / Allies) BallsInMyMouth: tttttttt
(53:50 / Allies) BallsInMyMouth: ok not tt
(53:50 / Allies) TaStYmANcaRpeT: owned
(53:54 / Allies) BallsInMyMouth: but warstomp now
(53:57 / Allies) TaStYmANcaRpeT: yeah
(53:57 / Allies) TaStYmANcaRpeT: sucks
(53:59 / Allies) BallsInMyMouth: is annoying in fights
(54:04 / Allies) BallsInMyMouth: but we have silence!
(54:07 / Allies) TaStYmANcaRpeT: :)
(54:14 / Allies) BallsInMyMouth: just dont purge it
(54:19 / Allies) TaStYmANcaRpeT: 500 bonus hp and spell immunity LOLLLLLL
(54:29 / Allies) MmmMDixSandwich: yeh
(55:15 / Allies) MmmMDixSandwich: shoot ward
(55:45 / Allies) MmmMDixSandwich: ah
(55:47 / Allies) MmmMDixSandwich: base inside after
(55:51 / Allies) TaStYmANcaRpeT: w/e
(56:36 / Allies) MmmMDixSandwich: nice
(56:39 / All) MmmMDixSandwich: thanks for this
(56:48 / All) Vicktor.Marks: NO
(56:49 / Allies) TaStYmANcaRpeT: pally almost 4 now woo
(56:50 / Allies) BallsInMyMouth: not too bad!!!
(56:51 / All) Vicktor.Marks: LICH 6
(56:54 / All) TaStYmANcaRpeT: O SHIT
(56:55 / All) TaStYmANcaRpeT: GG
(56:58 / All) TaStYmANcaRpeT: WE LOSE!!!! !!1111
(56:58 / All) Vicktor.Marks: YA
(56:59 / All) BallsInMyMouth: uh oh we cant stop that!
(57:06 / All) MmmMDixSandwich: :O
(57:07 / All) Sweet-Killer: 87
(57:09 / All) MmmMDixSandwich: A
(57:11 / All) MmmMDixSandwich: LICH
(57:15 / All) BallsInMyMouth: down to two mines with two bases to go?
(57:17 / All) Vicktor.Marks: GG
(57:19 / All) BallsInMyMouth: and how many have you taken out
(57:20 / All) BallsInMyMouth: oh 1
(57:22 / All) BallsInMyMouth: thats right
(57:24 / All) BallsInMyMouth: good luck
(57:30 / All) Sweet-Killer: u reli play like a fool team
(57:37 / All) MmmMDixSandwich: Finish us off then
(57:47 / All) BallsInMyMouth: yo rush the towers again
(57:57 / All) TaStYmANcaRpeT: ya please show us how foolish we are again...
(58:09 / All) BallsInMyMouth: the 1000 gold it takes to fix that hurts us nearly as badly as the 3 full mines it takes to rebuild your army
(58:09 / All) MmmMDixSandwich: I think you got about 3 towers last time
(58:16 / All) MmmMDixSandwich: maybe next time you got 4
(58:30 / Allies) BallsInMyMouth: scrubs getting discouraged
(58:46 / Allies) TaStYmANcaRpeT: ehehahhahaha
(59:06 / Allies) TaStYmANcaRpeT: raiders again
(59:13 / Allies) TaStYmANcaRpeT: they gonna hero fag us now i guess
(59:20 / Allies) BallsInMyMouth: jhust retrained
(59:30 / Allies) TaStYmANcaRpeT: to what
(59:37 / Allies) MmmMDixSandwich: oh god
(59:51 / Allies) TaStYmANcaRpeT: well dang.
(60:05 / Allies) BallsInMyMouth: i defintely hit staff and just managed tp TOO BAD
(60:08 / All) Vicktor.Marks: 用腦~~
(60:19 / Allies) MmmMDixSandwich: just sitting in base
(60:20 / Allies) MmmMDixSandwich: fuck it
(60:24 / Allies) TaStYmANcaRpeT: good idea
(60:25 / Allies) TaStYmANcaRpeT: its what i do
(60:32 / All) Vicktor.Marks: 好嗎
(60:36 / Allies) TaStYmANcaRpeT: except morlune has worked up some courage i think
(60:39 / Allies) BallsInMyMouth: oh well ont he plus side bm is 5 nice aoe!!!
(60:50 / Allies) BallsInMyMouth: he is v. mighty
(61:05 / Allies) BallsInMyMouth: WOOT
(61:07 / Allies) MmmMDixSandwich: haha
(61:22 / Allies) MmmMDixSandwich: hahahah
(61:25 / Allies) BallsInMyMouth: morlune as mighty as you are you cannot be foolish
(61:35 / All) MmmMDixSandwich: gg
(61:42 / All) BallsInMyMouth: thats morlune the mighty if you didn't notice
(61:43 / All) BallsInMyMouth: g
(61:44 / All) BallsInMyMouth: g
(62:04 / Allies) TaStYmANcaRpeT: that one game vs the 3 ud
(62:10 / Allies) TaStYmANcaRpeT: i had like 5/3/2 heroes
(62:15 / Allies) TaStYmANcaRpeT: ended up like 5/7/8\
(62:21 / Allies) TaStYmANcaRpeT: or 6
(62:23 / Allies) TaStYmANcaRpeT: w/e i had mass tp
(62:39 / Allies) BallsInMyMouth: tt
(62:42 / Allies) BallsInMyMouth: tt
(63:54 / Allies) MmmMDixSandwich: SILENCE
(64:22 / Allies) TaStYmANcaRpeT: just rebuild things in my base
(64:24 / Allies) MmmMDixSandwich: penos in
(64:26 / Allies) BallsInMyMouth: yeah tt
(65:32 / Allies) BallsInMyMouth: i think you will need ahwks!
(65:38 / Allies) MmmMDixSandwich: wewt
(65:55 / Allies) TaStYmANcaRpeT: feed me for them imo
(66:01 / Allies) TaStYmANcaRpeT: o nvm
(66:02 / Allies) TaStYmANcaRpeT: ur out
(66:04 / Allies) TaStYmANcaRpeT: wow
(66:08 / Allies) BallsInMyMouth: 5.8k
(66:09 / Allies) BallsInMyMouth: fyi
(66:18 / Allies) TaStYmANcaRpeT: o thats bia
(66:29 / Allies) MmmMDixSandwich: yeh
(66:53 / All) MmmMDixSandwich: you picked the low hanging fruit there guys
(67:19 / Allies) BallsInMyMouth: FUCK OFF
(67:21 / Allies) MmmMDixSandwich: what
(67:24 / Allies) TaStYmANcaRpeT: sh sh sh
(68:06 / Allies) BallsInMyMouth: thanks lil tab key
(68:11 / Allies) BallsInMyMouth: i dont acutally want you to wok
(68:42 / Allies) MmmMDixSandwich: gg
(69:04 / Allies) TaStYmANcaRpeT: is that gonna last
(69:05 / Allies) MmmMDixSandwich: too much shit in base
(69:12 / Allies) TaStYmANcaRpeT: haha
(69:28 / Allies) BallsInMyMouth: i have 3 altars
(69:35 / Allies) TaStYmANcaRpeT: make a burrow for ur peons imo
(69:39 / Allies) BallsInMyMouth: b/c i kept expecting them to die
(70:02 / Allies) BallsInMyMouth: no more income
(70:05 / All) MmmMDixSandwich: jesus that is alot of towers
(70:07 / Allies) BallsInMyMouth: now its the waiting game
(70:08 / Allies) TaStYmANcaRpeT: i leave rest of my gold imo
(70:10 / All) MmmMDixSandwich: maybe the most weve ever built
(70:11 / Allies) BallsInMyMouth: im terrible at this part
(70:19 / Allies) TaStYmANcaRpeT: bias terrible at all parts
(70:24 / Allies) MmmMDixSandwich: fu
(70:27 / Allies) BallsInMyMouth: "ill just go harrass a lil bit" oh dead heroez
(70:32 / Allies) MmmMDixSandwich: look
(70:47 / Allies) MmmMDixSandwich: they dont usually tp 37 heros at once into the fucking places i harass
(70:48 / Allies) TaStYmANcaRpeT: do not mess with morlune the mighty
(71:00 / Allies) TaStYmANcaRpeT: beazel bludstone'
(71:10 / Allies) MmmMDixSandwich: goddamn nigger
(71:14 / Allies) BallsInMyMouth: ELDIN SUNSTRIDER
(71:48 / All) MmmMDixSandwich: hahahahahha
(71:53 / All) MmmMDixSandwich: GET THE FUCK OUT
(72:39 / Allies) TaStYmANcaRpeT: fuck
(73:03 / Allies) TaStYmANcaRpeT: bia hotkey my hawks imo
(73:10 / Allies) TaStYmANcaRpeT: i got too vauable o herose
(73:17 / Allies) TaStYmANcaRpeT: ilke that
(73:40 / Allies) BallsInMyMouth: animate dead!!!!!1
(73:47 / Allies) BallsInMyMouth: there we go
(74:18 / Allies) BallsInMyMouth: dont use hawks offensively
(74:20 / Allies) BallsInMyMouth: imo
(74:20 / All) MmmMDixSandwich: well, the good news is you got about 12 towers
(74:33 / All) MmmMDixSandwich: the bad news is that you probably lost about 2 huge armies there
(74:41 / All) BallsInMyMouth: why arent you guys building more siege
(74:43 / All) BallsInMyMouth: i dont get it
(74:50 / All) BallsInMyMouth: you got 2/3 of the mines on the map
(74:58 / All) BallsInMyMouth: surely you arent out of gold
(75:13 / All) BallsInMyMouth: we arent and we only finished 4 mines total
(75:47 / Allies) BallsInMyMouth: i like how you bolted the sahde instead of the lich
(75:51 / Allies) TaStYmANcaRpeT: of c
(75:52 / Allies) MmmMDixSandwich: yeh
(75:55 / Allies) TaStYmANcaRpeT: i wanted to
(76:04 / Allies) MmmMDixSandwich: probably got about 500 g worth of shades this game
(76:09 / Allies) BallsInMyMouth: i just polymorphed a sheep
(76:12 / Allies) BallsInMyMouth: owned
(76:16 / Allies) MmmMDixSandwich: with all ehros and hawks we can take that imo
(76:38 / All) MmmMDixSandwich: GUYS
(76:41 / All) TaStYmANcaRpeT: whered those smartcows come from
(76:41 / All) MmmMDixSandwich: GUYS WHERE ARE YOU GOING
(76:42 / Allies) BallsInMyMouth: hawks are pathetic against heroes and we dont have much in the way of damage except mk pally bm
(76:46 / All) TaStYmANcaRpeT: have u been hiding army vs us
(77:00 / Allies) MmmMDixSandwich: w/e
(77:05 / All) BallsInMyMouth: you guys arent really out of gold are you
(77:05 / All) TaStYmANcaRpeT: i bet they so rich they got 500 food wyrm in corner..
(77:07 / Allies) MmmMDixSandwich: human heros werent there
(77:20 / Allies) TaStYmANcaRpeT: i need mana anyways
(77:22 / Allies) TaStYmANcaRpeT: everyone just revived
(77:25 / Allies) TaStYmANcaRpeT: brb actually 1 min
(77:34 / Allies) MmmMDixSandwich: ^__________________________________________---------------
(78:06 / Allies) BallsInMyMouth: owned.
(78:09 / Allies) MmmMDixSandwich: its like a sacrifice
(78:11 / Allies) MmmMDixSandwich: to the noob gods
(78:29 / Allies) TaStYmANcaRpeT: k
(78:38 / All) TaStYmANcaRpeT: dang
(78:41 / All) TaStYmANcaRpeT: gotta unsummon
(78:49 / All) TaStYmANcaRpeT: i feel for ya man
(79:04 / All) MmmMDixSandwich: its cool man
(79:07 / All) MmmMDixSandwich: we were all noob once
(79:12 / All) BallsInMyMouth: oops i need that graveyard, better rebuild it
(79:39 / All) Vicktor.Marks: where u three form?
(79:43 / Allies) BallsInMyMouth: kigami the coward
(79:51 / All) TaStYmANcaRpeT: ??
(79:53 / Allies) MmmMDixSandwich: kigami gets owned quite easily tbh
(80:00 / All) 10yuanQQ: 幹你娘
(80:00 / All) Vicktor.Marks: u three from where?
(80:02 / Allies) BallsInMyMouth: more peasants
(80:04 / Allies) BallsInMyMouth: for the slaughter
(80:10 / All) TaStYmANcaRpeT: ???
(80:17 / All) MmmMDixSandwich: africa
(80:22 / All) TaStYmANcaRpeT: LOL BLACK PEOPLE
(80:28 / All) MmmMDixSandwich: ^_^
(80:32 / All) BallsInMyMouth: casters?
(80:35 / Allies) TaStYmANcaRpeT: im so close to 6/7/5
(80:36 / All) BallsInMyMouth: good idea
(80:42 / Allies) BallsInMyMouth: tttttttttt if he gets ams
(80:43 / Allies) TaStYmANcaRpeT: ams
(80:46 / Allies) TaStYmANcaRpeT: will be annoying
(80:49 / Allies) MmmMDixSandwich: ams?
(80:51 / Allies) MmmMDixSandwich: oic.
(80:51 / Allies) TaStYmANcaRpeT: anti magic
(80:53 / Allies) BallsInMyMouth: magic
(80:55 / Allies) BallsInMyMouth: shield
(81:00 / Allies) BallsInMyMouth: smart cowz
(81:11 / Allies) TaStYmANcaRpeT: haha
(81:15 / Allies) TaStYmANcaRpeT: win by 1 tauren hit at a time
(81:19 / Allies) TaStYmANcaRpeT: not gonna work.
(81:55 / Allies) MmmMDixSandwich: b
(82:08 / Allies) BallsInMyMouth: shade
(82:15 / Allies) MmmMDixSandwich: haha
(82:18 / All) MmmMDixSandwich: haha
(82:26 / All) MmmMDixSandwich: shade #312 dies
(82:41 / All) TaStYmANcaRpeT: Morlune the Mighty eats shades for breakfast, lunch, and dinner
(82:42 / All) BallsInMyMouth: how many banshees do you think you can afford
(82:50 / All) TaStYmANcaRpeT: how many do u think will die to Morlune
(82:50 / All) BallsInMyMouth: and how long do you think they will last?
(83:06 / All) MmmMDixSandwich: just suicide them on the towers like all the other shit you did
(83:12 / All) BallsInMyMouth: another shade
(83:13 / All) BallsInMyMouth: good idea
(83:18 / All) BallsInMyMouth: your other ones did well
(83:44 / Allies) TaStYmANcaRpeT: think morlune can survive a trip to the unholy land
(83:50 / Allies) BallsInMyMouth: dont risk it
(84:09 / All) MmmMDixSandwich: where are you from
(84:16 / All) BallsInMyMouth: a banshee?
(84:16 / Allies) TaStYmANcaRpeT: if theres nothinginbetween
(84:17 / Allies) TaStYmANcaRpeT: ill tp
(84:21 / Allies) TaStYmANcaRpeT: after shade nuke
(84:21 / All) BallsInMyMouth: hadn't expected that
(84:35 / Allies) TaStYmANcaRpeT: can u scan
(84:38 / All) MmmMDixSandwich: kor?
(84:40 / Allies) BallsInMyMouth: yeah
(84:40 / All) MmmMDixSandwich: sg?
(84:46 / All) Vicktor.Marks: taiwan
(84:51 / All) Vicktor.Marks: sweet
(84:57 / All) MmmMDixSandwich: are all taiwan so bad player
(85:11 / All) TaStYmANcaRpeT: hello
(85:22 / All) MmmMDixSandwich: all africans are pro like us
(85:24 / Allies) TaStYmANcaRpeT: 6 exp away
(85:24 / All) BallsInMyMouth: ill let you kill my peasants for that crown of kings
(85:24 / Allies) TaStYmANcaRpeT: TT
(85:25 / All) MmmMDixSandwich: we are the new korea
(85:33 / All) BallsInMyMouth: its better than selling it
(85:39 / All) MmmMDixSandwich: I am from nigeria myself
(86:03 / Allies) MmmMDixSandwich: serves that nigger right
(86:21 / All) TaStYmANcaRpeT: LOL
(86:22 / All) TaStYmANcaRpeT: NICE TRAP
(86:25 / All) MmmMDixSandwich: ^_^
(86:39 / All) MmmMDixSandwich: haha
(86:49 / All) TaStYmANcaRpeT: there goes 1 banshee
(86:59 / All) TaStYmANcaRpeT: OH FUCK
(87:01 / All) TaStYmANcaRpeT: U GOT LVL 6 LICH
(87:05 / All) MmmMDixSandwich: haha
(87:07 / All) BallsInMyMouth: i dont think you understand anti magic shield fyi
(87:34 / Allies) BallsInMyMouth: tttt
(87:36 / Allies) TaStYmANcaRpeT: tt
(87:37 / Allies) MmmMDixSandwich: gg
(87:39 / All) TaStYmANcaRpeT: GG
(87:50 / Allies) BallsInMyMouth: hahah
(88:00 / Allies) MmmMDixSandwich: geh
(88:01 / All) TaStYmANcaRpeT: id say that unsummoning was worth it
(88:03 / All) TaStYmANcaRpeT: u got my am
(88:25 / All) MmmMDixSandwich: how can you be out of gold
(88:31 / All) MmmMDixSandwich: you had so many goddamn mines
(88:38 / All) TaStYmANcaRpeT: shit
(88:41 / All) BallsInMyMouth: that wont take long
(88:45 / All) BallsInMyMouth: we only have a few towers
(88:48 / Allies) MmmMDixSandwich: haha
(88:57 / Allies) BallsInMyMouth: owning these nubs left right and centre
(89:21 / Allies) BallsInMyMouth: tt
(89:28 / All) MmmMDixSandwich: uh oh
(89:31 / All) TaStYmANcaRpeT: TT mortar
(90:10 / Allies) BallsInMyMouth: if he dnds your base right now im leaving it to you to stop
(90:25 / All) BallsInMyMouth: what did you just sell that item for yellow?
(90:42 / Allies) BallsInMyMouth: ty
(90:44 / Allies) TaStYmANcaRpeT: aye
(90:59 / All) TaStYmANcaRpeT: another shee u say?
(91:21 / All) BallsInMyMouth: not ressing your mk?
(91:49 / Allies) TaStYmANcaRpeT: wha
(91:51 / Allies) TaStYmANcaRpeT: i didnt kill it
(91:52 / Allies) BallsInMyMouth: im really glad he kept that crown on the am
(91:56 / Allies) BallsInMyMouth: what a stupid fucking choice
(91:58 / Allies) TaStYmANcaRpeT: haha yeah
(92:10 / Allies) TaStYmANcaRpeT: wtf
(92:10 / Allies) BallsInMyMouth: pretty much a slightly better belt +4
(92:32 / All) MmmMDixSandwich: if only you could unsummon this loss off your record
(92:47 / All) BallsInMyMouth: what did you have to sell for the gold for your mk?
(93:15 / Allies) BallsInMyMouth: ugh
(93:16 / Allies) BallsInMyMouth: seen
(93:44 / Allies) BallsInMyMouth: all nubs
(93:50 / Allies) TaStYmANcaRpeT: what is he killing
(94:01 / Allies) TaStYmANcaRpeT: his own wyrm? wtf?\
(94:59 / Allies) MmmMDixSandwich: wewt
(95:06 / Allies) TaStYmANcaRpeT: that was clostly but w.e
(95:09 / Allies) TaStYmANcaRpeT: frostys got a lil gold
(95:17 / Allies) TaStYmANcaRpeT: n i got 2 lvls from it
(95:18 / Allies) MmmMDixSandwich: morelune how you get so mighty?
(95:22 / Allies) TaStYmANcaRpeT: mass tp n bash 3
(95:38 / Allies) MmmMDixSandwich: bash is a noob skill
(95:39 / Allies) TaStYmANcaRpeT: ive been tempted to start going bolt n clap
(95:51 / Allies) MmmMDixSandwich: level 3 clap is good
(95:51 / Allies) BallsInMyMouth: i cant imagine that am will be coming back either
(95:57 / Allies) BallsInMyMouth: tt
(96:01 / Allies) BallsInMyMouth: maybe he iwlll!!!!
(96:06 / Allies) MmmMDixSandwich: you could retrain it
(96:09 / Allies) TaStYmANcaRpeT: idk long fight i use all my mana anyways so bash is fine
(96:13 / Allies) TaStYmANcaRpeT: and geting a bash on a hero is really nice
(96:15 / Allies) BallsInMyMouth: bash is really good tbqh
(96:39 / Allies) BallsInMyMouth: tts
(96:54 / All) TaStYmANcaRpeT: hahahahah
(96:58 / Allies) MmmMDixSandwich: what
(97:00 / All) TaStYmANcaRpeT: do u guys really think u can stave us out of gold lmao
(97:16 / All) Sweet-Killer: just come
(97:18 / All) TaStYmANcaRpeT: LOL
(97:22 / All) MmmMDixSandwich: no thats OK
(97:29 / All) BallsInMyMouth: it worked so well for you guys but i tihnk ill pass
(98:11 / Allies) BallsInMyMouth: MMMM
(98:24 / All) TaStYmANcaRpeT: where da shades at'
(98:38 / All) MmmMDixSandwich: KICK HIS ASS SEA BASS
(98:58 / Allies) TaStYmANcaRpeT: if my am dies now im gonna be kinda sad
(99:21 / All) TaStYmANcaRpeT: nice.
(99:26 / All) BallsInMyMouth: nice try
(99:32 / All) TaStYmANcaRpeT: coil imba range
(99:48 / All) BallsInMyMouth: the little coil that tried
(100:06 / All) MmmMDixSandwich: dont worry
(100:21 / All) MmmMDixSandwich: losing to africans isnt a big deal
(100:26 / All) MmmMDixSandwich: its like 1/2 of a loss
(100:40 / All) BallsInMyMouth: kelv sternhammer and kel stonebull are related fyi
(100:47 / All) TaStYmANcaRpeT: it is when you have...a LEVEL 6 LICH
(100:49 / All) BallsInMyMouth: and KELEN the seeker
(100:51 / All) MmmMDixSandwich: noob bloodline
(100:56 / All) BallsInMyMouth: and KARNWIELD
(101:10 / All) BallsInMyMouth: ps your am and pally are both seekers
(101:18 / All) BallsInMyMouth: i think they are seeking embarrassing ways to lose
(101:21 / All) TaStYmANcaRpeT: why did u get devotion
(101:31 / All) BallsInMyMouth: prove me wrong
(101:38 / All) BallsInMyMouth: attack the towers and defeat us
(101:51 / Allies) TaStYmANcaRpeT: yo
(101:52 / All) BallsInMyMouth: or in your words "come"
(102:07 / Allies) TaStYmANcaRpeT: ur boned
(102:11 / Allies) BallsInMyMouth: bullshit stomp range and stasis
(102:14 / Allies) MmmMDixSandwich: yeh
(102:16 / All) Sweet-Killer: like this one ?
(102:18 / All) TaStYmANcaRpeT: LOL
(102:19 / Allies) BallsInMyMouth: and bullshit cooldown
(102:21 / All) BallsInMyMouth: uh oh
(102:25 / All) TaStYmANcaRpeT: fuk...gg....\
(102:29 / All) BallsInMyMouth: unfortuantely for you we dont waste gold
(102:29 / All) TaStYmANcaRpeT: :(((((((((((((((|
(102:30 / All) MmmMDixSandwich: you guys got me LOL
(102:39 / All) TaStYmANcaRpeT: i surrender
(102:44 / All) TaStYmANcaRpeT: come and capture our castle
(102:45 / All) MmmMDixSandwich: gg
(103:00 / All) BallsInMyMouth: your army seems to get a bit smaller each time i see ti
(103:06 / Allies) TaStYmANcaRpeT: am dies last i guess
(103:10 / All) MmmMDixSandwich: its like magic
(103:15 / Allies) TaStYmANcaRpeT: his pally n mk are itemless, am has crown and evasion
(103:28 / All) BallsInMyMouth: uh oh
(103:29 / Allies) MmmMDixSandwich: i gtota take a shit
(103:34 / All) BallsInMyMouth: the smart cows are on the front line
(104:00 / All) TaStYmANcaRpeT: SURROUND
(104:17 / Allies) TaStYmANcaRpeT: dat doc needs 2 die
(104:21 / Allies) BallsInMyMouth: no doubt
(104:22 / Allies) TaStYmANcaRpeT: ill work on it
(104:22 / Allies) MmmMDixSandwich: use bm i fneed
(104:50 / Allies) TaStYmANcaRpeT: i got it\
(105:00 / Allies) BallsInMyMouth: cant afford shades
(105:03 / Allies) BallsInMyMouth: acos will have to do
(105:31 / All) TaStYmANcaRpeT: QQ
(105:56 / Allies) BallsInMyMouth: im coming fyi
(106:51 / Allies) BallsInMyMouth: ugh
(106:53 / Allies) MmmMDixSandwich: haha
(107:05 / All) BallsInMyMouth: NICE
(107:06 / Allies) MmmMDixSandwich: haha
(107:18 / All) BallsInMyMouth: ps i killed your altar so i doubt hes coming back
(107:21 / All) BallsInMyMouth: bad luck
(107:38 / All) TaStYmANcaRpeT: tav revives arent that expensive tho
(107:46 / All) TaStYmANcaRpeT: maybe they give u a pity discount
(107:56 / Allies) TaStYmANcaRpeT: ps did his pally dis
(107:57 / All) BallsInMyMouth: plus im sure you wont make a mistake like that yet again
(108:02 / Allies) TaStYmANcaRpeT: die
(108:07 / All) BallsInMyMouth: he will live a long and prosperous life
(108:09 / Allies) BallsInMyMouth: yes
(108:13 / Allies) BallsInMyMouth: he ran it into the towers
(108:14 / All) TaStYmANcaRpeT: revive
(108:15 / All) TaStYmANcaRpeT: NICE
(108:18 / Allies) MmmMDixSandwich: god i took such a huge shit
(108:28 / All) BallsInMyMouth: ok heres a tip from me to you: dont run him into the towers again
(108:31 / Allies) TaStYmANcaRpeT: he put crown on pally TT
(108:36 / Allies) BallsInMyMouth: yeah big tt
(108:37 / All) MmmMDixSandwich: why do you waste so much money on that
(108:52 / All) Sweet-Killer: becoz i am rich
(108:57 / All) TaStYmANcaRpeT: hahah ahhahahhahhah
(109:00 / All) MmmMDixSandwich: ic
(109:12 / Allies) BallsInMyMouth: ugh another doc
(109:18 / Allies) BallsInMyMouth: i guess they have a few hundred spare
(109:33 / Allies) BallsInMyMouth: ps kunt dont die b/c your in upkeep
(109:50 / Allies) TaStYmANcaRpeT: oh well if thats the case
(109:59 / Allies) BallsInMyMouth: no gold if you die!!!!!!!
(110:08 / All) TaStYmANcaRpeT: damn where ur graveyard go
(110:13 / All) BallsInMyMouth: im rich ill just get rid of this base wont be needing that
(110:20 / Allies) MmmMDixSandwich: haha
(110:31 / All) TaStYmANcaRpeT: he turned his property
(110:34 / All) TaStYmANcaRpeT: for a huge profit
(110:40 / All) TaStYmANcaRpeT: i saw it on tv but i dun think i can do it... :(I
(111:07 / All) BallsInMyMouth: yo why dont you use that tauren thats in your base?
(111:14 / All) Sweet-Killer: i have to pick up my gf at 8:00
(111:17 / All) TaStYmANcaRpeT: k
(111:26 / All) BallsInMyMouth: how much is it going to cost you?
(111:35 / All) BallsInMyMouth: hookers are pretty cheap in taiwan right?
(111:45 / Allies) TaStYmANcaRpeT: scan mid forost
(111:48 / Allies) TaStYmANcaRpeT: frosty tia
(112:23 / Allies) BallsInMyMouth: imo you should use mk to staff in situations like that
(112:31 / Allies) TaStYmANcaRpeT: ya i messed it up
(113:28 / Allies) BallsInMyMouth: woot
(113:45 / All) MmmMDixSandwich: us: 1 you: 0
(113:57 / All) MmmMDixSandwich: ^_-
(114:01 / All) TaStYmANcaRpeT: im sure when u thought about getting that lvl 1 sh an hour ago
(114:05 / All) TaStYmANcaRpeT: u had alot of good reasons for it
(114:18 / All) BallsInMyMouth: i bet your wishing you still had that 425 gold
(114:20 / All) MmmMDixSandwich: you should buy him back
(114:30 / Allies) TaStYmANcaRpeT: i like how my pally and avatar mk are both invincible
(114:40 / All) BallsInMyMouth: pity you cant unsummon those smart cows, now they were a bad idea
(114:52 / All) TaStYmANcaRpeT: their spirit link came in handy that one time
(115:00 / All) TaStYmANcaRpeT: in preventing themselves from dying in 1 hit
(115:08 / All) BallsInMyMouth: not quite as bad an idea as searching for a game though
(115:15 / Allies) MmmMDixSandwich: gg
(115:17 / Allies) BallsInMyMouth: mk cant die
(115:18 / All) TaStYmANcaRpeT: fuck
(115:19 / All) TaStYmANcaRpeT: we lose
(115:25 / Allies) TaStYmANcaRpeT: also why the fuck was he out there
(115:27 / Allies) TaStYmANcaRpeT: lol
(115:37 / Allies) TaStYmANcaRpeT: do we really need these hawks
(115:50 / Allies) BallsInMyMouth: if you need gold again imo we kill off a few
(115:50 / Allies) TaStYmANcaRpeT: run
(115:52 / Allies) TaStYmANcaRpeT: ww
(116:11 / All) MmmMDixSandwich: damn there are no wards there huh
(116:12 / Allies) BallsInMyMouth: im going to use that bat
(116:14 / Allies) MmmMDixSandwich: yeh
(116:30 / Allies) BallsInMyMouth: has he got troll regen?
(116:35 / Allies) TaStYmANcaRpeT: idk
(116:39 / Allies) TaStYmANcaRpeT: ud aura lvl 3
(116:57 / Allies) MmmMDixSandwich: has regen
(117:05 / All) TaStYmANcaRpeT: i would try 2 be cool like u guys n tav res
(117:08 / All) TaStYmANcaRpeT: but ur all campin it >: (
(117:43 / All) BallsInMyMouth: best death and destruction yet
(117:43 / All) MmmMDixSandwich: ^_^
(117:50 / All) MmmMDixSandwich: LVL
(117:52 / All) MmmMDixSandwich: 6
(117:54 / All) MmmMDixSandwich: LICH
(118:04 / All) TaStYmANcaRpeT: truely a game winner
(118:05 / Allies) BallsInMyMouth: tt burrows
(118:06 / Allies) MmmMDixSandwich: oh you nigger
(118:14 / Allies) BallsInMyMouth: its not like it actually matters
(118:19 / Allies) MmmMDixSandwich: i'll never forgive you for this
(118:35 / Allies) MmmMDixSandwich: haha
(118:45 / All) BallsInMyMouth: careful guys thats morlune the mighty
(118:46 / Allies) TaStYmANcaRpeT: that barely hurts him tt
(120:39 / Allies) MmmMDixSandwich: gg
(121:05 / All) TaStYmANcaRpeT: mooo
(121:34 / All) BallsInMyMouth: smart cow is considerably less smart now
(121:46 / Allies) TaStYmANcaRpeT: wanna kill that dk so bad
(121:48 / Allies) TaStYmANcaRpeT: then i can kill wyrms ez
(121:51 / Allies) MmmMDixSandwich: yeah
(122:49 / Allies) TaStYmANcaRpeT: god
(122:59 / Allies) TaStYmANcaRpeT: hahahahahah
(123:02 / Allies) MmmMDixSandwich: nice.
(123:03 / Allies) BallsInMyMouth: wooooooooot
(123:15 / Allies) BallsInMyMouth: big advantage
(123:20 / Allies) TaStYmANcaRpeT: give
(123:25 / All) MmmMDixSandwich: I'd say thats a fair trade but we still have 5000000000 towers
(123:26 / Allies) TaStYmANcaRpeT: for morlune :(
(123:42 / Allies) TaStYmANcaRpeT: well u guys didnt lose anything right
(123:46 / Allies) TaStYmANcaRpeT: we got a wyrm and a hero
(123:48 / Allies) BallsInMyMouth: im glad warstomp and endurance are god
(123:51 / Allies) BallsInMyMouth: gone
(123:55 / Allies) MmmMDixSandwich: yeh
(124:00 / Allies) BallsInMyMouth: couple of towers and morlune the mighty
(124:09 / Allies) MmmMDixSandwich: is he revving
(124:09 / Allies) BallsInMyMouth: ugh hes selling items for him
(124:13 / Allies) BallsInMyMouth: there it goes
(124:22 / Allies) MmmMDixSandwich: ah
(124:23 / Allies) TaStYmANcaRpeT: they know we are gonna try to kill it
(124:27 / Allies) BallsInMyMouth: still has the crown
(124:30 / Allies) TaStYmANcaRpeT: so welp
(124:34 / Allies) BallsInMyMouth: back on the am too lolllllll
(124:38 / Allies) TaStYmANcaRpeT: ur boned
(124:42 / Allies) TaStYmANcaRpeT: n v m
(125:47 / Allies) BallsInMyMouth: imo bladestorm on it
(126:04 / Allies) BallsInMyMouth: fuck
(126:09 / Allies) MmmMDixSandwich: gg
(126:26 / Allies) TaStYmANcaRpeT: TT
(126:41 / Allies) MmmMDixSandwich: god im sneezing
(127:07 / Allies) BallsInMyMouth: YES"
(127:11 / All) MmmMDixSandwich: LVL
(127:12 / All) MmmMDixSandwich: 6
(127:14 / Allies) BallsInMyMouth: big old wootlez
(127:16 / Allies) TaStYmANcaRpeT: haha
(127:49 / All) MmmMDixSandwich: gg
(127:50 / Allies) BallsInMyMouth: oops
(127:54 / Allies) TaStYmANcaRpeT: i got the dk too
(127:57 / Allies) BallsInMyMouth: woot
(128:05 / All) TaStYmANcaRpeT: .
(128:06 / All) TaStYmANcaRpeT: ten
(128:07 / All) MmmMDixSandwich: 2ez
(128:09 / All) TaStYmANcaRpeT: lich?
(128:17 / All) Vicktor.Marks: shut up ~~
(128:24 / All) MmmMDixSandwich: nou
(128:40 / Allies) TaStYmANcaRpeT: get wyrms
(128:41 / Allies) TaStYmANcaRpeT: err
(128:45 / Allies) TaStYmANcaRpeT: idunno ill wait for avatar
(128:50 / Allies) TaStYmANcaRpeT: that shit helps so much
(128:55 / Allies) MmmMDixSandwich: noob allies
(129:08 / Allies) TaStYmANcaRpeT: kigami "20 lives" blademaster
(129:14 / Allies) MmmMDixSandwich: hey
(129:22 / Allies) MmmMDixSandwich: kigami is a risk taker
(129:26 / Allies) MmmMDixSandwich: but sometimes he takes it too far
(129:47 / Allies) TaStYmANcaRpeT: b
(130:05 / Allies) BallsInMyMouth: pro silence
(130:26 / Allies) MmmMDixSandwich: gag
(130:27 / Allies) BallsInMyMouth: hahahha
(130:34 / Allies) MmmMDixSandwich: nice
(130:38 / Allies) MmmMDixSandwich: just barely enough gold
(130:39 / Allies) TaStYmANcaRpeT: its ur last life.
(130:51 / Allies) TaStYmANcaRpeT: i suggest u sell somet hings so u can revive again lmao
(130:53 / Allies) MmmMDixSandwich: you are a nigger
(131:00 / Allies) BallsInMyMouth: i can give gold
(131:04 / Allies) TaStYmANcaRpeT: o
(131:15 / All) TaStYmANcaRpeT: tav res
(131:16 / All) TaStYmANcaRpeT: dk
(131:17 / All) TaStYmANcaRpeT: lich
(131:18 / Allies) TaStYmANcaRpeT: gogoog
(131:19 / Allies) MmmMDixSandwich: i'd rather sell you up the river
(131:21 / All) TaStYmANcaRpeT: lvl6 lich
(131:27 / All) TaStYmANcaRpeT: only like 680 gold?
(131:29 / Allies) BallsInMyMouth: ugh "wise financial planner" 2ez
(131:29 / All) MmmMDixSandwich: LVL
(131:33 / All) MmmMDixSandwich: 6
(131:37 / All) MmmMDixSandwich: L I C H
(131:42 / Allies) BallsInMyMouth: lolllll
(131:46 / All) MmmMDixSandwich: did you unsommon all your zigs
(131:53 / All) MmmMDixSandwich: ^--
(131:54 / All) BallsInMyMouth: those boots will net you 125 gold
(131:56 / All) BallsInMyMouth: seems worth it
(132:12 / All) MmmMDixSandwich: good think I only got 2k left
(132:39 / Allies) TaStYmANcaRpeT: that was kinda dumb LOL
(132:41 / Allies) BallsInMyMouth: imo we could have had his am there
(132:47 / Allies) TaStYmANcaRpeT: i had no tp on mk
(132:55 / All) BallsInMyMouth: nice
(133:19 / All) BallsInMyMouth: wait you retrained your am and bought a potion for that run?
(133:28 / All) BallsInMyMouth: nice
(133:42 / All) MmmMDixSandwich: GG
(133:49 / All) Sweet-Killer: this is not gg
(133:58 / All) Sweet-Killer: u guys fucked
(133:59 / All) MmmMDixSandwich: oh I assure you it is